 Dungeon Crawl Stone Soup version 0.30-a0-845-g7c6808c8ce (webtiles) character file.

Game seed: 7266612115480478998

72 bande the Covered (level 4, -2/29 HPs)
             Began as a Gargoyle Fighter on Mar 2, 2023.
             Slain by a worm (7 damage)
             ... on level 3 of the Dungeon.
             The game lasted 00:02:02 (1595 turns).

bande the Covered (Gargoyle Fighter)                Turns: 1595, Time: 00:02:02

Health: -2/29      AC: 10    Str: 20    XL:     4   Next: 26%
Magic:  4/4        EV:  9    Int:  8    God:
Gold:   138        SH:  4    Dex: 11    Spells: 3/3 levels left

rFire   . . .      SeeInvis +    a - +0 trident
rCold   . . .      Faith    .    c - +0 buckler
rNeg    + + .      Spirit   .    b - +0 scale mail
rPois   ∞          Reflect  .    (no helmet)
rElec   +          Rampage  .    (no cloak)
rCorr   .                        (no gloves)
Will    .....                    (no boots) Stlth
                                 i - amulet of regeneration
HPRegen 1.04/turn                k - ring of positive energy
MPRegen 0.09/turn                n - ring of see invisible

@: no status effects
A: sickness immunity, AC +3, negative energy resistance 1, electricity
resistance, torment resistance 1, petrification resistance
a: no special abilities


You were on level 3 of the Dungeon.
You visited 1 branch of the dungeon, and saw 3 of its levels.

You collected 138 gold pieces.

Inventory:

Hand Weapons
 a - a +0 trident (weapon)
Armour
 b - a +0 scale mail (worn)
 c - a +0 buckler (worn)
Jewellery
 i - an amulet of regeneration (around neck)
 k - a ring of positive energy (left hand)
 n - a ring of see invisible (right hand)
Scrolls
 f - a scroll of amnesia {unknown}
 g - a scroll of fog {unknown}
 h - 2 scrolls of teleportation {unknown}
 j - a scroll of enchant armour {unknown}
 l - a scroll of blinking {unknown}
 o - a scroll of enchant weapon {unknown}
 q - a scroll of poison {unknown}
 r - a scroll of fear {unknown}
 s - a scroll of identify {unknown}
Potions
 d - a potion of might
 e - a potion of curing {unknown}
 m - 2 potions of lignification {unknown}
 p - a potion of berserk rage {unknown}
 t - a potion of degeneration {unknown}


   Skills:
 + Level 3.7 Fighting
 + Level 2.8 Polearms
 + Level 4.0 Armour
 + Level 3.7 Shields


You had 3 spell levels left.
You didn't know any spells.
Your spell library contained the following spells:

 Spells                   Type           Power      Damage    Failure   Level
 Petrify                  Tmut/Erth      0%         N/A       100%        4
 Irradiate                Conj/Tmut      0%         3d11      100%        5
 Sublimation of Blood     Necr           Unusable   N/A       N/A         2

Dungeon Overview and Level Annotations

Branches:
Dungeon (3/15)

Altars:


Innate Abilities, Weirdness & Mutations

You are immune to sickness and miasma.
Your stone body is resilient. (AC +3)
You are immune to poison.
You resist negative energy. (rN+)
You are resistant to electric shocks. (rElec)
You are resistant to unholy torment.
You are immune to petrification.


Message History

The worm is heavily wounded.
The orc hits you but does no damage. You block the goblin's attack.
You completely miss the worm.
The worm is heavily wounded.
The orc misses you. The goblin hits you but does no damage. The worm bites you.
You barely miss the worm.
The worm is moderately wounded.
The orc barely misses you. The goblin barely misses you.
The worm bites you but does no damage.
You hit the worm.
The worm is severely wounded.
The orc barely misses you.
The goblin hits you but does no damage. x2
The orc closely misses you. The worm bites you but does no damage.
The goblin attacks as you move away! You block the goblin's attack.
Things that are here:
a +0 dagger; a +0 robe You closely miss the orc.
The worm closely misses you.
You block the orc's attack. x2; The goblin barely misses you.
You barely miss the orc. The orc closely misses you. The orc barely misses you.
The goblin hits you with a +0 club. The worm completely misses you.
You hit the orc.
The orc is heavily wounded.
The orc barely misses you. The orc hits you with a +0 short sword.
The goblin hits you but does no damage.
You closely miss the orc.
The orc is heavily wounded.
The orc hits you with a +0 trident. The orc hits you with a +0 short sword.
* * * LOW HITPOINT WARNING * * *
The goblin closely misses you. The worm bites you.
* * * LOW HITPOINT WARNING * * *
You hit the orc but do no damage.
The orc is heavily wounded.
The orc closely misses you. The orc hits you but does no damage.
You block the goblin's attack. The worm bites you but does no damage.
You hit the orc but do no damage.
The orc is heavily wounded.
The orc barely misses you. The orc hits you but does no damage.
The goblin hits you but does no damage. You block the orc's attack. x2
The worm bites you!
You die...

.###
...#.##.##.########
.. ...#....##.# ..
...#######.# . ....
..#.# ....# #.#.#
...##.#.# #..#.#.#
#ooo#.# #@#.# #wg.#
........†#
...........
..?...#..###
#####.#... #.##.#.
#. #..># ## #


You could see a worm, 3 orcs and a goblin.

Vanquished Creatures
  Jessica (D:3)
  An adder (D:2)
  A worm (D:3)
  A dart slug (D:1)
  An endoplasm (D:1)
  2 giant cockroaches
  5 goblins
  3 hobgoblins
  3 quokkas
  6 ball pythons
  A frilled lizard (D:2)
  2 kobolds
  4 rats
31 creatures vanquished.

Notes
Turn   | Place    | Note
-------+----------+-------------------------------------------
     0 | D:1      | bande the Gargoyle Fighter began the quest for the Orb.
     0 | D:1      | Reached XP level 1. HP: 14/14 MP: 1/1
   269 | D:1      | Reached XP level 2. HP: 19/19 MP: 2/2
  1123 | D:2      | Reached XP level 3. HP: 24/24 MP: 3/3
  1255 | D:2      | Identified the +2 leather armour "Moucaas" {rN+ Int+2}
  1513 | D:3      | Identified the +3 dagger of Dariycot {freeze, rCorr Int+3}
  1573 | D:3      | Noticed Jessica
  1584 | D:3      | Killed Jessica
  1585 | D:3      | Reached skill level 4 in Armour
  1585 | D:3      | Reached XP level 4. HP: 14/29 MP: 4/4
  1595 | D:3      | Slain by a worm

Illustrated notes

Levels and vault maps discovered:
D:1:      lemuel_arrival_muddy, layout_basic, minivault_24
D:2:      layout_rooms
D:3:      layout_basic, nicolae_wormholes, uniq_jessica, uniq_grinder

Skill      XL: |  1  2  3 |
---------------+----------+-----
Polearms       | 2 |  2.8
Armour         | 4 |  4.0
Fighting       | |  3.7
Shields        | |  3.7

Action                     |  1- 3 |  4- 6 || total
---------------------------+-------+-------++-------
  Melee: Trident           |   104 |    10 ||   114
 Armour: Scale mail        |    44 |    11 ||    55
  Dodge: Dodged            |    39 |    14 ||    53
  Block: Buckler           |    11 |     7 ||    18

Table legend: (Time is in decaauts)
 A = Elapsed time spent in this place.
 B = Non-inter-level travel time spent in this place.
 C = Inter-level travel time spent in this place.
 D = Time resting spent in this place.
 E = Time spent auto-exploring this place.
 F = Levels seen in this place.
 G = Mean time per level.
                   A        B        C        D        E       F      G
               +--------+--------+--------+--------+--------+-----+--------+
         Total |   1621 |   1621 |      0 |      0 |   1287 |   3 |  540.3 |
       Dungeon |   1621 |   1621 |      0 |      0 |   1287 |   3 |  540.3 |
               +--------+--------+--------+--------+--------+-----+--------+

Top non-repeatable levels by time:
     D:1: 1098 daAuts
     D:2: 412 daAuts
     D:3: 110 daAuts
